 Dungeon Crawl Stone Soup version 0.29.1-1-gd02db6906a (webtiles) character file.

Game seed: 18104978119421969074

2858 xian the Trooper (level 10, -1/84 HPs)
             Began as a Formicid Chaos Knight on Oct 7, 2022.
             Was a Plaything of Xom.
             Slain by a vampire mosquito (9 damage)
             ... on level 7 of the Dungeon.
             The game lasted 00:19:34 (7468 turns).

xian the Trooper (Formicid Chaos Knight)            Turns: 7468, Time: 00:19:35

Health: -1/84      AC:  9    Str: 20    XL:     10   Next: 4%
Magic:  10/10      EV: 12    Int: 11    God:    Xom [...*..]
Gold:   534        SH:  5    Dex: 10    Spells: 9/9 levels left

rFire   + . .      SeeInvis +   s - +7 dagger of Execution {freeze, +Blink rElec rN+ Str-5}
rCold   . . .      Faith    .   (no shield)
rNeg    + . .      Spirit   .   L - +0 troll leather armour
rPois   .          Reflect  +   (helmet unavailable)
rElec   +          Harm     .   w - +1 cloak
rCorr   .          Rampage  .   (no gloves)
Will    ++...                   K - +1 pair of boots
Stlth   ++........              F - amulet of reflection
HPRegen 1.04/turn               y - ring of fire
MPRegen 0.12/turn               G - ring of willpower

@: mighty
A: permanent stasis, dig shafts and tunnels, antennae 3, four strong arms,
clumsy 1, cold resistance 1, robust 1, strong 1, MP-powered wands, noise
suppression
a: Dig, Shaft Self, Renounce Religion


You were on level 7 of the Dungeon.
You worshipped Xom.
You were a favourite toy of Xom.
You visited 1 branch of the dungeon, and saw 7 of its levels.

You collected 534 gold pieces.

Inventory:

Hand Weapons
 s - the +7 dagger of Execution (weapon) {freeze, +Blink rElec rN+ Str-5}
   (You found it on level 2 of the Dungeon)

   It freezes those it strikes, dealing additional cold damage.
   It can also slow down cold-blooded creatures.
   Str:       It affects your strength (-5).
   rElec:     It insulates you from electricity.
   rN:        It protects you from negative energy.
   +Blink:    It lets you blink.
 x - a +3 quarterstaff of chaos
Missiles
 j - 7 boomerangs
 l - 6 poisoned darts (quivered)
 m - 62 stones
 o - a throwing net
 I - 5 datura-tipped darts
 N - a curare-tipped dart
Armour
 b - a +2 leather armour
 w - a +1 cloak (worn)
 D - an orb of mayhem
 K - a +1 pair of boots (worn)
 L - a +0 troll leather armour (worn)
Jewellery
 y - a ring of fire (left hand)
 F - an amulet of reflection (around neck)
 G - a ring of willpower (right hand)
 M - an amulet of the acrobat
 O - a ring of magical power
Wands
 p - a wand of mindburst (9)
Scrolls
 a - a scroll of enchant armour
 d - 2 scrolls of immolation {unknown}
 n - 2 scrolls of enchant weapon {unknown}
 q - 3 scrolls of vulnerability {unknown}
 t - a scroll of magic mapping
 u - 2 scrolls of amnesia {unknown}
 z - 2 scrolls of teleportation {unknown}
 B - a scroll of brand weapon
 C - 3 scrolls of noise {unknown}
 E - 2 scrolls of poison
 H - 2 scrolls of silence
Potions
 e - a potion of flight {unknown}
 f - 5 potions of might
 g - a potion of invisibility
 h - 2 potions of ambrosia {unknown}
 i - 2 potions of mutation
 k - 2 potions of attraction {unknown}
 r - 2 potions of curing
 v - a potion of degeneration {unknown}
 A - a potion of berserk rage {unknown}
 J - a potion of magic {unknown}
 P - a potion of lignification {unknown}
 Q - a potion of heal wounds {unknown}
 R - a potion of resistance
Miscellaneous
 c - a piece from Xom's chessboard (15/15)


   Skills:
 + Level 6.5 Fighting
 + Level 5.3 Short Blades
 + Level 5.7 Axes
 + Level 4.4 Throwing
 + Level 5.0 Armour
 + Level 4.7 Dodging
 + Level 5.0 Stealth
 + Level 3.1 Shields
 * Level 0.6 Evocations


You had 9 spell levels left.
You didn't know any spells.
Your spell library contained the following spells:

 Spells                   Type           Power      Damage    Failure   Level
 Sting                    Tmut/Pois      0%         1d3       38%         1
 Poisonous Vapours        Pois/Air       0%         N/A       52%         2
 Corpse Rot               Necr/Pois/Air  0%         N/A       99%         4
 Dispel Undead            Necr           0%         3d6       99%         4
 Olgreb's Toxic Radiance  Pois           0%         N/A       99%         4
 Death Channel            Necr           0%         N/A       100%        6


Dungeon Overview and Level Annotations

Branches:
Dungeon (7/15)             Temple (0/1) D:5

Altars:
Ashenzari
Cheibriados
Elyvilon
Fedhas
Hepliaklqana
Uskayaw
Vehumet
Xom
Zin

Shops:
D:5 :

Annotations:
D:5 Edmund


Innate Abilities, Weirdness & Mutations

You cannot be hasted, slowed, berserked, paralysed or teleported.
You can dig through walls and to a lower floor.
You have a pair of large antennae on your head. (SInv)
Your four strong arms can wield two-handed weapons with a shield.
You are clumsy. (Dex -2)
Your flesh is cold resistant. (rC+)
You are robust. (+10% HP)
Your muscles are strong. (Str +4, Int/Dex -1)
You expend magic power (3 MP) to strengthen your wands.
You passively dampen the noise of your surroundings.


Message History

You hit the vampire mosquito. You freeze the vampire mosquito.
The vampire mosquito is almost destroyed.
The vampire mosquito bites you.
The vampire mosquito draws strength from your injuries!
The vampire mosquito barely misses you.
The vampire mosquito closely misses you.
Unknown command.
You miss the vampire mosquito.
The vampire mosquito is severely damaged.
The vampire mosquito bites you but does no damage.
The vampire mosquito bites you.
The vampire mosquito draws strength from your injuries!
The vampire mosquito closely misses you.
Unknown command.
You puncture the vampire mosquito! You freeze the vampire mosquito.
The vampire mosquito is almost destroyed.
The vampire mosquito bites you.
The vampire mosquito draws strength from your injuries!
The vampire mosquito closely misses you.
The vampire mosquito barely misses you.
Unknown command.
It was a potion of might.
You feel very mighty all of a sudden. The vampire mosquito bites you.
The vampire mosquito bites you!
* * * LOW HITPOINT WARNING * * *
The vampire mosquito draws strength from your injuries!
The vampire mosquito bites you.
* * * LOW HITPOINT WARNING * * *
The vampire mosquito draws strength from your injuries!
The vampire mosquito bites you.
* * * LOW HITPOINT WARNING * * *
The vampire mosquito draws strength from your injuries!
You puncture the vampire mosquito! You freeze the vampire mosquito.
You destroy the vampire mosquito!
The vampire mosquito closely misses you.
You have reached level 10!
You puncture the vampire mosquito! You freeze the vampire mosquito.
The vampire mosquito is heavily damaged.
The vampire mosquito bites you!
You die...

#..............
#..............
#..............
##########+##+#..#.##
#..............### #
#..............#
#..............#
#..............#
#...@..........#
#..y†.##########
#.....# #.....#
#.....# #.....#
#.....# #.....#


You could see a vampire mosquito.

Vanquished Creatures
  A troll (D:6)
  Grinder (D:3)
  Sigmund (D:2)
  A vampire mosquito (D:7)
  A water moccasin (D:6)
  2 ice beasts
  2 ogres
  2 black bears
  2 phantoms
  A kobold brigand (D:6)
  3 bullfrogs
  2 necrophages
  2 scorpions (D:5)
  A gnoll sergeant (D:6)
  A howler monkey (D:4)
  4 hounds
  2 jellies (D:6)
  Crazy Yiuf (D:3)
  3 iguanas
  An orc wizard (D:6)
  14 gnolls
  7 adders
  A river rat (D:2)
  A white imp (D:6)
  An ufetubus (D:7)
  3 worms
  A dart slug (D:2)
  16 orcs
  6 ball pythons
  3 endoplasms
  3 giant cockroaches (D:2)
  5 goblins
  5 hobgoblins
  11 jackals (D:1)
  A quokka (D:3)
  7 bats
  6 frilled lizards
  8 kobolds
  5 rats
138 creatures vanquished.

Vanquished Creatures (collateral kills)
  An ice beast (D:5)
  Jessica (D:2)
  3 kobolds (D:2)
  A ball python (D:2)
  A bat (D:2)
7 creatures vanquished.

Vanquished Creatures (others)
  10 plants (D:2)
10 creatures vanquished.

Grand Total: 155 creatures vanquished

Notes
Turn   | Place    | Note
-------+----------+-------------------------------------------
     0 | D:1      | xian the Formicid Chaos Knight began the quest for the Orb.
     0 | D:1      | Reached XP level 1. HP: 18/18 MP: 1/1
     2 | D:1      | XOM: silly message
    23 | D:1      | XOM: divination: magic mapping
   104 | D:1      | Reached XP level 2. HP: 20/24 MP: 2/2
   187 | D:1      | XOM: silly message
   239 | D:1      | XOM: silly message
   412 | D:1      | Reached XP level 3. HP: 28/29 MP: 3/3
   432 | D:1      | Found a faded altar of an unknown god.
   481 | D:1      | XOM: god gift: 27 gold pieces
   870 | D:2      | Noticed Sigmund
   891 | D:2      | Gained mutation: Your muscles are strong. (Str +4, Int/Dex
                  | -1) [potion of mutation]
   891 | D:2      | Gained mutation: You have hidden genetic defects. [potion
                  | of mutation]
   891 | D:2      | Gained mutation: You are strong-willed. (Will+) [potion of
                  | mutation]
   893 | D:2      | XOM: cast spell 'Summon Hydra'
   896 | D:2      | Killed Sigmund
   897 | D:2      | Reached skill level 1 in Dodging
   897 | D:2      | Reached XP level 4. HP: 13/37 MP: 4/4
   897 | D:2      | Reached XP level 5. HP: 14/42 MP: 5/5
   897 | D:2      | Reached XP level 6. HP: 17/48 MP: 6/6
   913 | D:2      | Lost mutation: Your muscles are strong. (Str +4, Int/Dex
                  | -1) [hidden defects]
   916 | D:2      | Lost mutation: You are strong-willed. (Will+) [potion of
                  | mutation]
   916 | D:2      | Lost mutation: You have hidden genetic defects. [potion of
                  | mutation]
   916 | D:2      | Gained mutation: You are clumsy. (Dex -2) [potion of
                  | mutation]
   916 | D:2      | Gained mutation: You are robust. (+10% HP) [potion of
                  | mutation]
   916 | D:2      | Gained mutation: You passively dampen the noise of your
                  | surroundings. [potion of mutation]
  1020 | D:2      | Reached skill level 5 in Axes
  1128 | D:2      | XOM: polymorph gnoll -> river rat
  1130 | D:2      | Reached skill level 1 in Stealth
  1206 | D:2      | XOM: stat loss: -1 Dex (10/11)
  1392 | D:2      | Noticed Jessica
  1404 | D:2      | XOM: cleaving
  1407 | D:2      | Killed Jessica
  1408 | D:2      | Reached skill level 1 in Throwing
  1499 | D:2      | Found Lyini's Antique Armour Emporium.
  1741 | D:2      | XOM: divination: detect items
  1750 | D:2      | Reached skill level 4 in Fighting
  1769 | D:2      | Identified the +7 dagger of Execution {freeze, +Blink rElec
                  | rN+ Str-5}
  1965 | D:2      | XOM: divination: detect creatures
  2093 | D:3      | Noticed Grinder
  2110 | D:3      | Killed Grinder
  2111 | D:3      | Reached XP level 7. HP: 26/59 MP: 7/7
  2339 | D:3      | XOM: scenery: summon butterflies
  2388 | D:3      | Found a runed translucent door.
  2389 | D:3      | Noticed Crazy Yiuf
  2407 | D:3      | Killed Crazy Yiuf
  2408 | D:3      | Reached skill level 1 in Short Blades
  3240 | D:4      | XOM: enchant monster (good)
  3246 | D:4      | Reached XP level 8. HP: 67/67 MP: 8/8
  3306 | D:4      | Found a white marble altar of Elyvilon.
  3335 | D:4      | XOM: confuse monster(s)
  3519 | D:4      | Found a snail-covered altar of Cheibriados.
  3694 | D:5      | Entered Level 5 of the Dungeon
  3694 | D:5      | Found Onukitomm's Book Shoppe.
  3755 | D:5      | XOM: summons 4 hostile demons
  3898 | D:5      | Found a staircase to the Ecumenical Temple.
  3947 | D:5      | XOM: cast spell 'Summon Mana Viper'
  4111 | D:5      | XOM: stat loss: -1 Dex (10/11)
  4187 | D:5      | Noticed Edmund
  4200 | D:5      | Found a glowing silver altar of Zin.
  4200 | D:5      | Found a radiant altar of Vehumet.
  4206 | D:5      | HP: 3/67 [orc/+0 flail (3)]
  4207 | D:5      | XOM: scenery: create altars
  4210 | D:5      | XOM: divination: magic mapping
  4213 | D:5      | XOM: fog
  4648 | D:5      | XOM: god gift: scroll labelled VEXOSHR EHADUAN {god gift}
  4849 | D:5      | Found a hazy altar of Hepliaklqana.
  5089 | D:5      | XOM: god gift: 22 gold pieces
  5234 | D:5      | Reached skill level 5 in Fighting
  5511 | D:6      | Found a hide-covered altar of Uskayaw.
  5519 | D:6      | XOM: scenery: 1 doors open
  5519 | D:6      | Noticed a troll
  5541 | D:6      | Killed a troll
  5542 | D:6      | Reached skill level 1 in Shields
  5542 | D:6      | Reached XP level 9. HP: 11/74 MP: 9/9
  5879 | D:6      | XOM: potion effect (invisibility)
  5979 | D:6      | XOM: silly message
  6302 | D:6      | Found a blossoming altar of Fedhas.
  6528 | D:6      | XOM: silly message
  6571 | D:6      | XOM: noise
  6586 | D:6      | Reached skill level 5 in Armour
  6634 | D:6      | XOM: summons 1 hostile demon
  6648 | D:6      | Reached skill level 5 in Short Blades
  6691 | D:6      | Reached skill level 6 in Fighting
  6793 | D:6      | XOM: confusion (+ monsters)
  6817 | D:6      | Found a broken altar of Ashenzari.
  6848 | D:6      | XOM: summons 5 hostile demons
  7018 | D:7      | XOM: divination: detect creatures
  7152 | D:7      | XOM: cleaving
  7306 | D:7      | XOM: butterfly on damage
  7386 | D:7      | XOM: give mutations
  7386 | D:7      | Gained mutation: Your flesh is cold resistant. (rC+) [Xom's
                  | grace]
  7386 | D:7      | Gained mutation: Your muscles are strong. (Str +4, Int/Dex
                  | -1) [Xom's grace]
  7386 | D:7      | Gained mutation: You expend magic power (3 MP) to
                  | strengthen your wands. [Xom's grace]
  7404 | D:7      | Reached skill level 5 in Stealth
  7468 | D:7      | Reached XP level 10. HP: 7/84 MP: 10/10
  7468 | D:7      | Slain by a vampire mosquito

Illustrated notes

Levels and vault maps discovered:
D:1:      minmay_arrival_four_houses, layout_rooms, basic_ecumenical_altar,
          reono_crystal_passage, supply_closet_lemuel
D:2:      layout_loops_cross, serial_shops, nicolae_shop_hallway_stairs,
          nicolae_grassy_gnolls, uniq_jessica, uniq_sigmund
D:3:      layout_loops_ring, uniq_grinder, uniq_crazy_yiuf_cottage
D:4:      layout_rooms, lemuel_doored_altar, mainiacjoe_overflow_alcove_4
D:5:      layout_basic, mainiacjoe_overflow_boulevard,
          chequers_temple_overflow_statue_of_worship,
          minmay_temple_entry_purple_smoke, serial_shops, nicolae_square_shop,
          uniq_edmund
D:6:      minmay_bubble_buster, layout_layer_cave, mainiacjoe_overflow_alcove_2,
          amcnicky_altar_gilded, mainiacjoe_overflow_surrounded_room,
          kennysheep_dice
D:7:      layout_gridville, kennysheep_generic_room_15

Skill      XL: |  1  2  3  4  5  6  7  8  9 |
---------------+----------------------------+-----
Axes           | 4 5 |  5.7
Armour         | 3 4 5 |  5.0
Dodging        | 1 2 3 4 |  4.7
Stealth        | 2 3 4 5 |  5.0
Throwing       | 1 2 4 |  4.4
Fighting       | 4 5 6 |  6.5
Short Blades   | 2 4 5 |  5.3
Shields        | 1 3 |  3.1
Evocations     | |  0.6

Action                   |  1- 3 |  4- 6 |  7- 9 | 10-12 || total
-------------------------+-------+-------+-------+-------++-------
Melee: Hand axe          |    85 |    47 |       |       ||   132
       Dagger            |       |    28 |   374 |     1 ||   403
       Punch             |       |     1 |     3 |       ||     4
Throw: Dart              |     5 |     3 |    45 |       ||    53
       Boomerang         |     3 |       |     4 |       ||     7
  Use: Potion            |     1 |     1 |     2 |       ||     4
       Scroll            |       |       |     7 |       ||     7
 Stab: Sleeping          |       |     2 |    10 |       ||    12
       Distracted        |       |       |     1 |       ||     1
       Invisible         |       |       |     1 |       ||     1
Armor: Leather armour    |    48 |    21 |    49 |       ||   118
       Troll leather arm |       |       |    55 |       ||    55
Dodge: Dodged            |    84 |    40 |   181 |       ||   305
Block: Other             |       |       |    48 |       ||    48
